 Dungeon Crawl Stone Soup version 0.19.0-9-gfd783f2 (webtiles) character file.

223820 esc the Eclecticist (level 18, -10/112 HPs)
             Began as a Deep Elf Fire Elementalist on Nov 7, 2016.
             Was the Champion of Vehumet.
             Killed from afar by Nikola (15 damage)
             ... with a chain lightning
             ... on level 3 of the Shoals.
             The game lasted 03:52:35 (46344 turns).

esc the Eclecticist (Deep Elf Fire Elementalist)   Turns: 46344, Time: 03:52:36

Health: -10/112    AC: 16    Str:  5    XL:     18   Next: 57%
Magic:  13/58      EV: 22    Int: 29    God:    Vehumet [******]
Gold:   130        SH:  0    Dex: 15    Spells: 12 memorised, 6 levels left

rFire  . . .     SeeInvis .     b - staff of power {MP+17, !a}
rCold  . . .     Gourm    .     x - +5 leather armour of Deith {MR+}
rNeg   . . .     Faith    .     (no shield)
rPois  .         Spirit   .     d - +0 helmet
rElec  .         Reflect  .     O - +1 cloak
rCorr  .         Harm     .     K - +1 pair of gloves {archery}
MR     +++..                    A - +1 pair of boots
Stlth  ++........               Z - amulet of magic regeneration
                                I - ring of protection from magic {MR+, !d}
                                n - ring of wizardry {Wiz+, !d}

@: no status effects
A: no striking features
a: Renounce Religion
}: 1/15 runes: serpentine


You were on level 3 of the Shoals.
You worshipped Vehumet.
Vehumet was exalted by your worship.
You were not hungry.

You visited 6 branches of the dungeon, and saw 31 of its levels.
You also visited: Labyrinth.

You collected 3143 gold pieces.
You spent 3013 gold pieces at shops.

Inventory:

Hand Weapons
 a - the +7 dagger "Rit Git" {pain, Int+3}
   (You found it on level 6 of the Dungeon)

   In the hands of one skilled in necromantic magic, it inflicts extra damage on
   living creatures.
   It affects your intelligence (+3).
Armour
 d - a +0 helmet (worn)
   (You found it on level 1 of the Dungeon)
 x - the +5 leather armour of Deith (worn) {MR+}
   (You found it on level 11 of the Dungeon)

   It affects your resistance to hostile enchantments.
 A - a +1 pair of boots (worn)
   (You found it on level 5 of the Dungeon)
 K - a +1 pair of gloves of archery (worn)
   (You acquired it on level 13 of the Dungeon)
 O - a +1 cloak (worn)
   (You found it on level 5 of the Lair of Beasts)
Magical Staves
 b - an uncursed staff of power (weapon) {MP+17, !a}
   (You found it in a labyrinth)
Jewellery
 n - a ring of wizardry (left hand) {Wiz+, !d}
   (You found it on level 2 of the Shoals)
 t - a +3 ring of protection
   (You took it off a centaur on level 10 of the Dungeon)
 I - a ring of protection from magic (right hand) {MR+, !d}
   (You found it on level 7 of the Dungeon)
 Z - an amulet of magic regeneration (around neck)
   (You found it in a labyrinth)
Wands
 c - a wand of heal wounds (1/9)
   (You took it off a naga on level 4 of the Snake Pit)
 g - a wand of flame (11/48)
   (You found it on level 1 of the Shoals)
 i - a wand of enslavement (8/24)
   (You found it on level 5 of the Dungeon)
 o - a wand of teleportation (4/9)
   (You bought it in a shop on level 4 of the Snake Pit)
 s - a wand of paralysis (15/24)
   (You found it on level 1 of the Shoals)
 w - a wand of iceblast (6/15)
   (You found it on level 4 of the Lair of Beasts)
 D - a wand of acid (4/15)
   (You found it on level 2 of the Shoals)
 N - a wand of hasting (5/9)
   (You found it on level 8 of the Dungeon)
Scrolls
 f - 8 scrolls of magic mapping {!r}
 l - 3 scrolls of teleportation
 m - a scroll of enchant armour
 p - 8 scrolls of remove curse
 F - 3 scrolls of enchant weapon
 G - 4 scrolls of recharging
 H - 2 scrolls of fear
 J - 6 scrolls of amnesia
 V - a scroll of fog
Potions
 h - 2 potions of ambrosia
 q - 12 potions of heal wounds
 u - 3 potions of cure mutation {!q}
 v - 4 potions of agility
 z - 7 potions of curing
 E - 2 potions of invisibility
 L - a potion of resistance
 Q - 4 potions of brilliance
 U - 4 potions of might
 X - 3 potions of flight
Books
 e - a book of Frost
   (You found it on level 2 of the Snake Pit)
 y - a book of Geomancy
   (You found it on level 4 of the Dungeon)
 C - a book of the Tempests
   (You found it on level 14 of the Dungeon)
Miscellaneous
 k - a crystal ball of energy
   (You found it on level 13 of the Dungeon)
Comestibles
 j - 10 meat rations {@e2}


   Skills:
 - Level 12.2 Fighting
 - Level 4.0 Short Blades
 - Level 3.7 Armour
 - Level 16.2 Dodging
 - Level 3.3 Stealth
 + Level 19.0 Spellcasting
 + Level 16.4 Conjurations
 - Level 3.9 Hexes
 - Level 4.0 Charms
 - Level 3.1 Necromancy
 - Level 7.1 Translocations
 - Level 2.7 Transmutations
 + Level 13.5 Fire Magic
 - Level 4.0 Ice Magic
 - Level 4.5 Air Magic
 - Level 3.2 Earth Magic
 - Level 2.5 Poison Magic
 - Level 1.3 Evocations


You had 6 spell levels left.
You knew the following spells:

 Your Spells              Type           Power        Failure   Level  Hunger
a - Orb of Destruction    Conj           #######...   1%          7    ####...
b - Controlled Blink      Tloc           N/A          100%        8    #####..
c - Freezing Cloud        Conj/Ice/Air   ######....   1%          6    None
d - Confuse               Hex            ######..     1%          3    None
e - Mephitic Cloud        Conj/Pois/Air  ######..     1%          3    None
f - Repel Missiles        Chrm/Air       ######       1%          2    None
g - Apportation           Tloc           ######....   1%          1    None
r - Regeneration          Chrm/Necr      #####.....   1%          3    None
s - Sticky Flame          Conj/Fire      #######.     1%          4    None
w - Passwall              Tmut/Erth      #####.....   1%          2    None
x - Bolt of Magma         Conj/Fire/Erth ######....   1%          5    None
z - Iskenderun's Battles  Conj/Chrm      ######..     1%          5    None


Dungeon Overview and Level Annotations

Branches:
Dungeon (15/15)            Temple (1/1) D:6            Lair (6/6) D:11
 Shoals (3/4) Lair:3        Snake (4/4) Lair:3        Slime (0/5) Lair:5
    Orc (2/2) D:9             Elf (0/3) Orc:2        Vaults (0/5) D:13
 Depths (0/5) D:15

Altars:
Ashenzari
Cheibriados
Dithmenos
Elyvilon
Fedhas
Gozag
Hepliaklqana
Kikubaaqudgha
Makhleb
Nemelex Xobeh
Okawaru
Qazlal
Ru
Sif Muna
Trog
Uskayaw
Vehumet
Xom
Yredelemnul
Zin
The Shining One
Jiyva

Shops:
D:6 %*!   D:7 !   D:15 *((!?   Orc:2 ([*:=   Shoals:2 :   Snake:1 }=}
Snake:2 *   Snake:4 ?}}

Portals:
Trove: D:15 (give wand of heal wounds (9))

Annotations:
D:8 RexLacerta's ghost, novice MfGl
Shoals:3 Nikola
Snake:4 Mara


Message History

The barrage of energy hits the faun.
You kill the faun!
Vehumet accepts your kill.
You feel your power returning.
The faun shoots a sling bullet.
The sling bullet is repelled.
You feel less protected from missiles.
The satyr shoots a sling bullet.
The sling bullet barely misses you.
You hear a splash.
Aim: a faun, wielding a quarterstaff (unusually strong)
The faun is engulfed in freezing vapours.
The faun unwields an uncursed quarterstaff.
The faun wields a hunting sling.
The faun shoots a sling bullet.
The sling bullet closely misses you.
The faun is engulfed in freezing vapours.
You now have 38/58 mp.
Aim: a faun, wielding a hunting sling (freezing vapour, lightly wounded, unusually strong)
The bolt of magma misses the faun.
You hear a sizzling sound!
Your battlesphere fires!
The barrage of energy hits the faun.
The satyr plays a frightful melody on his pipes!
The satyr radiates an aura of fear!
You resist with almost no effort.
The faun is engulfed in freezing vapours.
The faun shoots a sling bullet.
The sling bullet misses you.
You now have 34/58 mp.
Aim: a faun, wielding a hunting sling (freezing vapour, severely wounded, unusually strong)
The bolt of magma hits the faun.
You kill the faun!
Vehumet accepts your kill.
You feel your power returning.
You hear a sizzling sound!
Your battlesphere fires!
The satyr shoots a sling bullet.
The sling bullet hits you!!
You take 26 damage, and have 86/112 hp.
MASSIVE DAMAGE!!
You now have 33/58 mp.
Aim: a faun, wielding a hunting sling (severely wounded, unusually strong)
The bolt of magma hits the faun.
You kill the faun!
Vehumet accepts your kill.
You feel your power returning.
Your battlesphere fires!
The satyr shoots a sling bullet.
The sling bullet completely misses you.
You hear a splash.
The faun unwields an uncursed club.
The faun wields a hunting sling.
The faun shoots a stone.
The stone closely misses you.
You now have 32/58 mp.
Aim: a satyr, wielding a fustibalus The satyr shoots a sling bullet.
The sling bullet barely misses you.
The faun shoots a stone.
The stone closely misses you.
You now have 25/58 mp.
The satyr shoots a sling bullet.
The sling bullet hits you!
You take 7 damage, and have 79/112 hp.
The faun shoots a stone.
The stone barely misses you.
The orb of destruction hits the satyr.
Aim: a satyr, wielding a fustibalus (magical condensation, almost dead)
The bolt of magma misses the satyr.
Your battlesphere fires!
The barrage of energy hits the satyr.
You kill the satyr!
Vehumet accepts your kill.
You feel your power returning.
The faun shoots a stone.
The stone misses you.
You now have 24/58 mp.
Aim: a faun, wielding a hunting sling (unusually strong)
You hear a sizzling sound!
The faun no longer looks unusually strong.
Your battlesphere fires!
The barrage of energy hits the faun.
You now have 20/58 mp.
Aim: a faun, wielding a hunting sling (moderately wounded)
You hear a sizzling sound!
Your battlesphere fires!
The barrage of energy hits the faun.
Your battlesphere expends the last of its energy and dissipates.
The faun shoots a stone.
The stone closely misses you.
You hear a splash.
You now have 15/58 mp.
Aim: a faun, wielding a hunting sling (heavily wounded)
The bolt of magma hits the faun.
You kill the faun!
Vehumet accepts your kill.
You feel your power returning.
You now have 12/58 mp.
Things that are here:
2 sling bullets; 5 stones; a mutagenic chunk of flesh {@w0} Nikola mumbles some strange words.
You hear a mighty clap of thunder!
The lightning arc hits you!
The lightning arc grounds out.
There is a stone staircase leading up here.
Things that are here:
a stone; 2 sling bullets You take 15 damage, and have 66/112 hp.
Nikola casts a spell.
You hear a mighty clap of thunder!
The lightning arc hits you!
* * * LOW HITPOINT WARNING * * *
The lightning arc hits Nikola.
The lightning arc hits you!
* * * LOW HITPOINT WARNING * * *
The lightning arc hits Nikola.
The lightning arc hits you!
You die...

....... ........# ## .......
........# ...≈≈ .......
......... #..≈≈≈≈ .......
.........##.).≈≈≈≈ .§.....
........#...§§≈≈≈≈ ..*....
............)).). .......
.........≈..§.... ..#....
.........≈...# . .......
......≈≈@(...#...≈ ... ..@
.....≈≈≈(.≈≈...... ..
....$((≈(≈.≈≈≈≈..≈
....(≈≈≈≈≈≈≈≈≈≈≈..
....≈≈≈≈≈≈≈≈≈≈≈≈≈≈
..@.≈≈≈≈≈≈≈≈≈≈≈≈≈≈
≈$........≈≈≈≈≈≈≈≈≈≈≈≈≈≈≈≈≈≈≈≈
≈≈........≈≈≈≈≈≈≈≈≈≈≈≈≈≈≈≈≈≈≈≈
≈≈....@...≈≈≈≈≈≈≈≈≈≈≈≈≈≈≈≈≈≈≈≈


You could see Nikola.

Vanquished Creatures
  Vashnia (Snake:3)
  Agnes (Snake:3)
  Roxanne (Snake:4)
  A frost giant (Shoals:2)
  9 nagarajas
  3 orc warlords
  Aizul (Shoals:3)
  Azrael (Orc:2)
  A minotaur (Lab)
  An ettin (Orc:1)
  2 merfolk javelineers (Shoals:1)
  Snorg (Orc:2)
  12 naga warriors
  A merfolk impaler (Shoals:2)
  Fannar (D:12)
  5 hydras
  5 vault guards (D:13)
  A death knight (D:13)
  4 catoblepae
  9 anacondas
  A merfolk avatar (Shoals:2)
  3 ogre magi (D:14)
  A satyr (Shoals:3)
  13 naga sharpshooters
  15 death yaks (Lair:6)
  13 shock serpents
  3 orc high priests (Orc:2)
  Urug (Lair:5)
  A deep elf knight (D:13)
  2 salamander mystics
  13 sea snakes
  5 unseen horrors
  5 wizards (D:14)
  5 naga ritualists
  A sea snake (shapeshifter) (D:13)
  8 harpies
  A necromancer (D:15)
  A wolf spider zombie (D:15)
  15 mana vipers
  6 orc knights
  7 orc sorcerers
  10 hill giants
  A wolf spider (shapeshifter) (D:13)
  7 fauns
  6 elephants
  11 deep elf magi
  20 cyclopes
  8 ugly things
  9 manticores
  5 salamanders
  38 black mambas
  5 sirens
  20 naga magi
  5 guardian serpents
  2 water nymphs
  A gargoyle (D:13)
  15 spiny frogs
  An efreet (D:14)
  A kobold demonologist (D:11)
  2 freezing wraiths
  A yaktaur (shapeshifter) (D:14)
  2 tengu conjurers (D:13)
  2 minotaur zombies (Lab)
  7 komodo dragons
  2 polar bears
  13 trolls
  13 merfolk
  17 blink frogs
  A wind drake (Shoals:2)
  6 two-headed ogres
  13 slime creatures
  7 dream sheep
  6 snapping turtles
  14 hippogriffs
  A spriggan (D:7)
  A vampire (D:13)
  4 water elementals
  A shadow (D:13)
  2 wraiths (D:13)
  A yak (shapeshifter) (D:11)
  58 yaks
  4 wyverns
  A basilisk (Lair:6)
  A human (D:13)
  4 fire elementals
  A hog (D:10)
  Grum (D:8)
  A mottled dragon (shapeshifter) (D:13)
  6 vampire mosquitoes
  3 mottled dragons
  2 hungry ghosts
  54 nagas
  3 wargs
  A soldier ant (D:10)
  16 water moccasins
  4 hell hounds
  13 porcupines
  2 sky beasts
  6 ice beasts
  42 orc warriors
  4 phantoms
  A necrophage (D:7)
  9 black bears
  A boggart (D:11)
  14 ogres
  16 centaurs
  11 wolves
  12 crocodiles
  10 big kobolds
  23 bullfrogs
  4 gnoll sergeants (D:10)
  A wyvern zombie (D:14)
  An earth elemental (Lab)
  5 scorpions
  4 killer bees (D:12)
  13 wights
  4 howler monkeys
  9 jellies
  5 electric eels
  3 hounds
  3 quasits
  8 crimson imps
  2 gnoll shamans (D:10)
  7 centaur zombies
  3 bullfrog skeletons
  29 orc priests
  30 orc wizards
  5 centaur skeletons
  6 iguanas
  13 worker ants
  A killer bee zombie (D:9)
  A hound skeleton (D:11)
  A worker ant zombie (D:10)
  10 adders
  5 gnolls
  A howler monkey skeleton (D:7)
  2 shadow imps
  3 white imps (Lair:4)
  2 adder skeletons
  3 worms (D:2)
  6 dart slugs
  11 leopard geckos
  101 orcs
  4 giant cockroaches
  5 goblins
  7 hobgoblins
  2 jackals (D:3)
  9 quokkas
  2 ball pythons
  13 bats
  4 frilled lizards
  A jackal skeleton (D:4)
  27 kobolds
  A leopard gecko zombie (D:5)
  2 quokka skeletons
  6 rats
  2 plants (Shoals:2)
1173 creatures vanquished.

Vanquished Creatures (collateral kills)
  A naga ritualist (Lair:3)
  A wolf (D:8)
2 creatures vanquished.

Vanquished Creatures (others)
  A sea snake (Snake:4)
  2 wizards
  A slime creature (D:13)
  10 fungi
  41 plants
55 creatures vanquished.

Grand Total: 1230 creatures vanquished

Notes
Turn   | Place    | Note
-------+----------+-------------------------------------------
     0 | D:1      | esc the Deep Elf Fire Elementalist began the quest for the Orb.
     0 | D:1      | Reached XP level 1. HP: 10/10 MP: 6/6
   198 | D:1      | Reached XP level 2. HP: 11/15 MP: 5/8
   459 | D:1      | Reached skill level 2 in Conjurations
   533 | D:1      | Learned a level 2 spell: Throw Flame
   842 | D:2      | Reached XP level 3. HP: 19/19 MP: 2/9
   847 | D:2      | Learned a level 3 spell: Conjure Flame
  1101 | D:2      | Found a snail-covered altar of Cheibriados.
  1418 | D:2      | Reached skill level 1 in Fighting
  1452 | D:2      | Reached XP level 4. HP: 25/25 MP: 6/11
  1979 | D:3      | Reached skill level 4 in Fire Magic
  2103 | D:3      | Reached skill level 3 in Dodging
  2346 | D:3      | Reached skill level 4 in Spellcasting
  2363 | D:3      | HP: 9/37 [poisoned by a worker ant]
  3117 | D:4      | Reached XP level 5. HP: 23/29 MP: 3/13
  3276 | D:4      | Reached skill level 3 in Conjurations
  3440 | D:4      | Reached XP level 6. HP: 35/35 MP: 8/14
  3667 | D:4      | Reached skill level 2 in Fighting
  3667 | D:4      | Reached skill level 4 in Dodging
  3916 | D:4      | Reached skill level 5 in Spellcasting
  3940 | D:4      | Learned a level 2 spell: Passwall
  4127 | D:4      | Reached XP level 7. HP: 40/40 MP: 4/16
  4444 | D:5      | Entered Level 5 of the Dungeon
  4476 | D:5      | Reached skill level 5 in Fire Magic
  4507 | D:4      | Learned a level 3 spell: Stone Arrow
  4533 | D:5      | Reached skill level 4 in Conjurations
  4920 | D:5      | Reached skill level 5 in Dodging
  5058 | D:5      | Reached skill level 3 in Fighting
  5295 | D:6      | Reached skill level 6 in Spellcasting
  5301 | D:6      | Learned a level 4 spell: Sticky Flame
  5320 | D:6      | Found Ynan's Food Emporium.
  5445 | D:6      | Reached XP level 8. HP: 46/46 MP: 14/19
  5581 | D:6      | Found a bloodstained altar of Trog.
  5582 | D:6      | Found a staircase to the Ecumenical Temple.
  5583 | D:6      | Found a sparkling altar of Nemelex Xobeh.
  5591 | Temple   | Entered the Ecumenical Temple
  5698 | D:6      | Found a shadowy altar of Dithmenos.
  5782 | D:6      | Reached skill level 6 in Fire Magic
  5891 | D:6      | Found Ogeikhlu's Assorted Antiques.
  5899 | D:6      | Bought a tourmaline ring for 135 gold pieces
  5899 | D:6      | Bought a potion of heal wounds for 135 gold pieces
  5936 | D:6      | Got a fine dagger
  5937 | D:6      | Identified the +7 dagger "Rit Git" {pain, Int+3} (You found it on level 6 of the Dungeon)
  5947 | D:6      | Found Mefun's Distillery.
  6051 | D:6      | Reached skill level 5 in Conjurations
  6262 | D:7      | Reached skill level 1 in Short Blades
  6364 | D:7      | Found a glowing golden altar of the Shining One.
  6388 | D:7      | Found a deep blue altar of Sif Muna.
  6420 | D:7      | Found Jyikieri's Distillery.
  6469 | D:7      | Reached skill level 6 in Dodging
  6593 | D:7      | Reached skill level 2 in Short Blades
  6708 | D:7      | Found a blossoming altar of Fedhas.
  6797 | D:7      | Reached skill level 7 in Spellcasting
  6904 | D:7      | Reached skill level 4 in Fighting
  6904 | D:7      | Reached XP level 9. HP: 52/52 MP: 7/21
  7476 | D:8      | Reached skill level 6 in Conjurations
  7493 | D:8      | Noticed RexLacerta's ghost (novice MfGl)
  7625 | D:8      | Reached skill level 7 in Fire Magic
  7683 | D:8      | Learned a level 3 spell: Confuse
  7710 | D:8      | Reached skill level 3 in Short Blades
  7874 | D:8      | Noticed Grum
  7890 | D:8      | Reached skill level 1 in Hexes
  7902 | D:8      | Killed Grum
  7902 | D:8      | Reached skill level 1 in Transmutations
  7903 | D:8      | Reached skill level 1 in Earth Magic
  8447 | D:9      | Reached skill level 2 in Hexes
  8488 | D:9      | Found a staircase to the Orcish Mines.
  8488 | D:9      | Noticed a troll
  8648 | D:9      | Learned a level 3 spell: Mephitic Cloud
  8651 | D:9      | Learned a level 2 spell: Repel Missiles
  8670 | D:9      | Noticed a troll
  8685 | D:9      | Killed a troll
  8694 | D:9      | Reached skill level 1 in Air Magic
  8694 | D:9      | Reached skill level 1 in Poison Magic
  8713 | D:9      | Found a radiant altar of Vehumet.
  8721 | D:9      | Became a worshipper of Vehumet
  8886 | D:9      | Killed a troll
  8886 | D:9      | Reached skill level 7 in Dodging
  8886 | D:9      | Reached skill level 8 in Spellcasting
  9352 | D:9      | Found a hazy altar of Hepliaklqana.
  9359 | D:9      | Found an opulent altar of Gozag.
  9359 | D:9      | Found a glowing golden altar of the Shining One.
  9363 | D:9      | Found a shimmering altar of Xom.
  9408 | D:9      | Reached XP level 10. HP: 58/58 MP: 15/24
  9422 | D:9      | Reached skill level 3 in Hexes
  9628 | D:9      | Learned a level 1 spell: Apportation
  9812 | D:9      | Reached skill level 5 in Fighting
  9865 | D:10     | Entered Level 10 of the Dungeon
  9887 | D:10     | Reached skill level 7 in Conjurations
 10182 | D:10     | Reached * piety under Vehumet
 10182 | D:10     | Offered knowledge of Sting by Vehumet.
 10711 | D:10     | Identified the Handbook of the Destructive Volcanoes
 10756 | D:10     | Reached skill level 9 in Spellcasting
 10969 | D:9      | Learned a level 3 spell: Regeneration
 10988 | D:10     | Reached skill level 1 in Charms
 11157 | D:10     | Reached skill level 8 in Dodging
 11293 | D:10     | Reached skill level 1 in Necromancy
 11407 | D:10     | Noticed a hill giant
 11437 | D:10     | Reached skill level 2 in Charms
 11810 | D:11     | Offered knowledge of Throw Frost by Vehumet.
 11810 | D:11     | Reached skill level 2 in Necromancy
 11985 | D:10     | Killed a hill giant
 11985 | D:10     | Reached ** piety under Vehumet
 11985 | D:10     | Reached skill level 3 in Charms
 11985 | D:10     | Reached skill level 8 in Fire Magic
 12112 | D:10     | Noticed a hill giant
 12144 | D:10     | Reached skill level 8 in Conjurations
 12144 | D:10     | Reached XP level 11. HP: 64/64 MP: 12/26
 12381 | D:10     | Killed a hill giant
 12696 | D:10     | Reached skill level 10 in Spellcasting
 12835 | D:10     | Reached skill level 6 in Fighting
 12835 | D:10     | Reached skill level 9 in Dodging
 12978 | D:10     | Found a glowing silver altar of Zin.
 13262 | D:10     | Offered knowledge of Dazzling Spray by Vehumet.
 13972 | D:10     | Reached *** piety under Vehumet
 14232 | D:11     | Noticed a seven-headed hydra
 14239 | D:11     | Killed a seven-headed hydra
 14272 | D:11     | Noticed a hill giant
 14467 | D:11     | Killed a hill giant
 14467 | D:11     | Reached skill level 9 in Fire Magic
 14629 | D:11     | Noticed a hill giant
 14643 | D:11     | Killed a hill giant
 14643 | D:11     | Reached skill level 9 in Conjurations
 14763 | D:11     | Noticed a red ugly thing
 14819 | D:11     | Reached skill level 10 in Dodging
 14898 | D:11     | Found a staircase to the Lair.
 14983 | D:11     | Offered knowledge of Throw Icicle by Vehumet.
 14983 | D:11     | Reached skill level 11 in Spellcasting
 14990 | D:11     | Learned a level 5 spell: Bolt of Magma
 15176 | D:11     | Killed a red ugly thing
 15176 | D:11     | Reached skill level 2 in Earth Magic
 15176 | D:11     | Reached XP level 12. HP: 71/71 MP: 8/29
 15182 | D:11     | Found a large runed door.
 15182 | D:11     | Found a large runed door.
 15428 | D:11     | Identified the Collected Works on Attacks
 15468 | D:11     | Found a large runed door.
 15468 | D:11     | Found a large runed door.
 15537 | D:11     | Got a smoking leather armour
 15548 | D:11     | Identified the +5 leather armour of Deith {MR+} (You found it on level 11 of the Dungeon)
 15587 | D:11     | Reached **** piety under Vehumet
 15587 | D:11     | Reached skill level 7 in Fighting
 15680 | D:11     | Offered knowledge of Irradiate by Vehumet.
 15760 | Lair:1   | Entered Level 1 of the Lair of Beasts
 15801 | Lair:1   | Reached skill level 1 in Armour
 16766 | Lair:2   | Reached skill level 10 in Conjurations
 16769 | Lair:2   | Reached skill level 11 in Dodging
 17029 | Lair:2   | Reached skill level 10 in Fire Magic
 17139 | Lair:2   | Reached skill level 2 in Armour
 17412 | Lair:2   | You fall through a shaft for 2 floors!
 17429 | Lair:3   | Found a staircase to the Shoals.
 17532 | Lair:3   | Noticed a four-headed hydra
 17592 | Lair:3   | Killed a four-headed hydra
 17623 | Lair:3   | Found a labyrinth entrance.
 17781 | Lab      | Entered a labyrinth
 17974 | Lab      | Noticed a minotaur
 17976 | Lab      | Killed a minotaur
 17976 | Lab      | Reached skill level 12 in Spellcasting
 18291 | Lair:3   | Found a staircase to the Snake Pit.
 18347 | Lair:3   | Reached skill level 3 in Armour
 19081 | Lair:4   | Reached XP level 13. HP: 78/78 MP: 31/31
 19411 | Lair:4   | Reached skill level 8 in Fighting
 19598 | Lair:4   | Reached ***** piety under Vehumet
 19690 | Lair:4   | Offered knowledge of Bolt of Cold by Vehumet.
 20296 | Lair:5   | Learned a level 7 spell: Orb of Destruction
 20299 | Lair:5   | Identified a scroll of acquirement
 20302 | Lair:5   | Got a crude shield
 20308 | Lair:5   | Identified the +0 shield "Quntacij" {rC+} (You acquired it on level 5 of the Lair of Beasts)
 20315 | Lair:5   | Got an encrusted ring mail
 20326 | Lair:5   | Identified the cursed +1 ring mail of Hepliaklqana's Reproof {MR+} (You found it on level 5 of the Lair of Beasts)
 20537 | Lair:5   | Noticed Urug
 20721 | Lair:5   | Found a staircase to the Slime Pits.
 20721 | Lair:5   | Found a viscous altar of Jiyva.
 20746 | Lair:5   | Reached skill level 11 in Conjurations
 20830 | Lair:5   | Reached skill level 11 in Fire Magic
 20930 | Lair:5   | Reached skill level 12 in Dodging
 21251 | Lair:5   | Killed Urug
 21270 | Lair:6   | Entered Level 6 of the Lair of Beasts
 21522 | Lair:6   | Reached skill level 13 in Spellcasting
 22059 | Lair:6   | Reached XP level 14. HP: 80/84 MP: 20/33
 22625 | Lair:6   | Reached skill level 9 in Fighting
 23066 | Lair:6   | Reached skill level 12 in Fire Magic
 23238 | Lair:6   | Reached skill level 13 in Dodging
 23248 | Lair:6   | Reached skill level 14 in Spellcasting
 23248 | Lair:6   | Reached skill level 12 in Conjurations
 24062 | D:12     | Noticed Fannar
 24065 | D:12     | Killed Fannar
 24173 | D:12     | Offered knowledge of Poison Arrow by Vehumet.
 25371 | D:13     | Found a gate to the Vaults.
 25575 | D:13     | Reached skill level 10 in Fighting
 25979 | D:13     | Reached XP level 15. HP: 92/92 MP: 35/35
 26193 | D:13     | Reached skill level 1 in Translocations
 26443 | D:13     | Reached skill level 2 in Transmutations
 26443 | D:13     | Reached skill level 2 in Air Magic
 26709 | D:14     | Reached skill level 2 in Poison Magic
 26935 | D:14     | Reached skill level 3 in Stealth
 26978 | D:14     | Offered knowledge of Bolt of Draining by Vehumet.
 27063 | D:14     | Reached skill level 1 in Evocations
 27071 | D:14     | Reached skill level 2 in Translocations
 27071 | D:14     | Reached skill level 3 in Earth Magic
 27092 | D:14     | Reached skill level 4 in Charms
 27207 | D:14     | Reached skill level 3 in Necromancy
 27483 | D:14     | Reached skill level 4 in Short Blades
 27566 | D:14     | Reached skill level 14 in Dodging
 27566 | D:14     | Reached skill level 15 in Spellcasting
 28128 | D:15     | Entered Level 15 of the Dungeon
 28183 | D:15     | Reached skill level 13 in Conjurations
 28374 | D:15     | Found Helixom's Distillery.
 28610 | D:15     | Found Vepidil's General Store.
 28663 | D:15     | Found Ashit's Antique Weapon Shop.
 28666 | D:15     | Found Guriyts's Weapon Boutique.
 28905 | D:15     | Found a staircase to the Depths.
 29019 | D:15     | Found Micew's Magic Scroll Shop.
 29101 | D:15     | Found a portal to a secret trove of treasure.
 29140 | D:15     | Offered knowledge of Iskenderun's Battlesphere by Vehumet.
 29147 | D:15     | Learned a level 5 spell: Iskenderun's Battlesphere
 29583 | D:15     | Bought a potion of heal wounds for 85 gold pieces
 29583 | D:15     | Bought a potion of heal wounds for 85 gold pieces
 29583 | D:15     | Bought a potion of heal wounds for 85 gold pieces
 29583 | D:15     | Bought a potion of heal wounds for 85 gold pieces
 29583 | D:15     | Bought a potion of heal wounds for 85 gold pieces
 29791 | Orc:1    | Entered Level 1 of the Orcish Mines
 29942 | Orc:2    | Entered Level 2 of the Orcish Mines
 30082 | Orc:2    | Found Erielu Saeti's Jewellery Shop.
 30267 | Orc:2    | Found a staircase to the Elven Halls.
 30301 | Orc:2    | Noticed Snorg
 30305 | Orc:2    | Killed Snorg
 30515 | Orc:2    | Noticed an orc warlord
 30645 | Orc:2    | Killed an orc warlord
 31000 | Orc:1    | Noticed an orc warlord
 31763 | Orc:1    | Reached XP level 16. HP: 99/99 MP: 18/37
 32109 | Orc:2    | Reached ****** piety under Vehumet
 32232 | Orc:1    | Offered knowledge of Poisonous Cloud by Vehumet.
 32931 | Orc:2    | Reached skill level 16 in Spellcasting
 33724 | Orc:2    | Reached skill level 11 in Fighting
 33727 | Orc:2    | Noticed Azrael
 33741 | Orc:1    | Reached skill level 15 in Dodging
 33821 | Orc:2    | Killed Azrael
 33968 | Orc:2    | Found Qots's General Store.
 33969 | Orc:2    | Found Baveo's Book Shoppe.
 33970 | Orc:2    | Found Datux's Antique Armour Shoppe.
 33970 | Orc:2    | Found Tenohin's Antique Weapon Emporium.
 33985 | Orc:2    | Bought Viddyj's Volume of Warped Contamination for 1014 gold pieces
 33994 | Orc:2    | Learned a level 8 spell: Controlled Blink
 34005 | Orc:2    | Reached skill level 14 in Conjurations
 34832 | Snake:1  | Entered Level 1 of the Snake Pit
 34878 | Lair:3   | Reached skill level 3 in Translocations
 35244 | Snake:1  | Found Noguk's Gadget Shoppe.
 35244 | Snake:1  | Found Vos Vomn's Jewellery Shop.
 35247 | Snake:1  | Found Osey's Gadget Shoppe.
 35694 | Snake:1  | Reached skill level 4 in Translocations
 35916 | Snake:1  | Identified a +2 lightning rod (10/10) (You found it on level 1 of the Snake Pit)
 36368 | Snake:1  | Offered knowledge of Freezing Cloud by Vehumet.
 37378 | Snake:2  | Found Egietuw's Assorted Antiques.
 37462 | Snake:2  | Reached skill level 5 in Translocations
 37829 | Snake:3  | Noticed Agnes
 37836 | Snake:3  | Killed Agnes
 37836 | Snake:3  | Reached skill level 17 in Spellcasting
 37966 | Snake:3  | Noticed Vashnia
 38000 | Snake:3  | Learned a level 6 spell: Freezing Cloud
 38319 | Snake:3  | Reached XP level 17. HP: 78/105 MP: 23/40
 38509 | Shoals:1 | Entered Level 1 of the Shoals
 38511 | Shoals:1 | Reached skill level 3 in Air Magic
 38518 | Shoals:1 | Reached skill level 1 in Ice Magic
 39002 | Shoals:1 | Reached skill level 2 in Ice Magic
 39231 | Shoals:1 | Offered knowledge of Ozocubu's Refrigeration by Vehumet.
 39507 | Shoals:2 | Found Onaipn's Book Shop.
 39690 | Shoals:2 | Reached skill level 4 in Air Magic
 39801 | Shoals:2 | Reached skill level 6 in Translocations
 39803 | Shoals:2 | Reached skill level 3 in Ice Magic
 39993 | Shoals:2 | Reached skill level 15 in Conjurations
 40416 | Shoals:2 | Reached skill level 4 in Ice Magic
 40754 | Shoals:3 | Noticed Nikola
 40757 | Shoals:3 | HP: 5/106 [Nikola/chain lightning (31)]
 40877 | Shoals:3 | Noticed Aizul
 41363 | Snake:3  | Reached skill level 12 in Fighting
 41363 | Snake:3  | Reached skill level 16 in Dodging
 42023 | Snake:3  | Killed Vashnia
 42285 | Snake:4  | Entered Level 4 of the Snake Pit
 42321 | Snake:4  | Found Faeluq's Magic Scroll Emporium.
 42321 | Snake:4  | Found Antaq's Gadget Shoppe.
 42325 | Snake:4  | Found Eremubua's Gadget Emporium.
 42346 | Snake:4  | Bought a wand of teleportation (4/9) for 264 gold pieces
 42348 | Snake:4  | Bought a scroll of acquirement for 1040 gold pieces
 42349 | Snake:4  | Got a slimy hat
 42360 | Snake:4  | Identified the +0 hat of the Trees {Slay+2} (You acquired it on level 4 of the Snake Pit)
 42380 | Snake:4  | Noticed Mara
 42477 | Snake:4  | Noticed Roxanne
 42485 | Snake:4  | Killed Roxanne
 42494 | Snake:4  | Identified Roxanne's Reference Book on Clay (You took it off Roxanne on level 4 of the Snake Pit)
 42507 | Snake:4  | Reached skill level 7 in Translocations
 42816 | Snake:4  | Offered knowledge of Fire Storm by Vehumet.
 42816 | Snake:4  | Offered knowledge of Glaciate by Vehumet.
 42816 | Snake:4  | Offered knowledge of Chain Lightning by Vehumet.
 43097 | Snake:4  | Reached skill level 18 in Spellcasting
 43686 | Snake:4  | Reached XP level 18. HP: 112/112 MP: 42/42
 44865 | Snake:4  | Reached skill level 16 in Conjurations
 44865 | Snake:4  | Reached skill level 13 in Fire Magic
 45794 | Snake:4  | Got a serpentine rune of Zot
 46197 | Shoals:3 | Killed Aizul
 46197 | Shoals:3 | Reached skill level 19 in Spellcasting
 46344 | Shoals:3 | HP: 28/112 [Nikola/chain lightning (38)]
 46344 | Shoals:3 | HP: 5/112 [Nikola/chain lightning (23)]
 46344 | Shoals:3 | Killed from afar by Nikola

Skill      XL: |  1  2  3  4  5  6  7  8  9 10 11 12 13 14 15 16 17 18 |
---------------+-------------------------------------------------------+-----
Conjurations   | 2 3 4 5 6 8 9 10 11 12 13 14 15 16 | 16.4
Fighting       | 1 2 3 4 5 6 7 8 10 11 12 | 12.2
Fire Magic     | 4 5 6 7 8 9 10 11 12 13 | 13.5
Dodging        | 3 4 5 6 7 8 10 11 12 13 14 15 16 | 16.2
Spellcasting   | 4 5 6 7 8 9 11 12 13 14 15 17 18 19 | 19.0
Short Blades   | 2 3 4 |  4.0
Hexes          | 2 3 |  3.9
Transmutations | 1 2 |  2.7
Earth Magic    | 1 2 3 |  3.2
Air Magic      | 1 2 4 |  4.5
Poison Magic   | 1 2 |  2.5
Charms         | 3 4 |  4.0
Necromancy     | 2 3 |  3.1
Armour         | 3 |  3.7
Translocations | 2 5 7 |  7.1
Stealth        | 3 |  3.3
Evocations     | 1 |  1.3
Ice Magic      | 4 |  4.0

Action                   |  1- 3 |  4- 6 |  7- 9 | 10-12 | 13-15 | 16-18 || total
-------------------------+-------+-------+-------+-------+-------+-------++-------
Melee: Dagger            |    19 |    13 |    71 |   197 |   117 |    81 ||   498
       Staff             |       |       |       |       |     2 |       ||     2
Throw: Stone             |       |       |       |     4 |       |       ||     4
 Cast: Flame Tongue      |    41 |    51 |    79 |    30 |       |       ||   201
       Throw Flame       |    25 |    33 |   112 |   270 |    15 |       ||   455
       Conjure Flame     |       |     6 |    13 |     4 |       |       ||    23
       Stone Arrow       |       |       |    14 |     6 |       |       ||    20
       Sticky Flame      |       |       |    14 |    63 |   120 |    16 ||   213
       Repel Missiles    |       |       |     1 |     2 |     5 |     8 ||    16
       Passwall          |       |       |     1 |       |     1 |       ||     2
       Confuse           |       |       |       |    64 |    27 |    43 ||   134
       Mephitic Cloud    |       |       |       |     5 |    26 |     5 ||    36
       Bolt of Magma     |       |       |       |    44 |   454 |   456 ||   954
       Regeneration      |       |       |       |     3 |     7 |    19 ||    29
       Orb of Destructio |       |       |       |       |   122 |   270 ||   392
       Iskenderun's Batt |       |       |       |       |       |    43 ||    43
       Freezing Cloud    |       |       |       |       |       |    11 ||    11
Evoke: Wand              |       |       |     1 |       |     2 |     7 ||    10
       Box of beasts     |       |       |       |       |       |     1 ||     1
  Use: Potion            |       |     1 |       |     1 |     3 |     8 ||    13
       Scroll            |       |       |    17 |    10 |    17 |    12 ||    56
 Stab: Confused          |       |       |       |     6 |     1 |       ||     7
       Sleeping          |       |       |       |     2 |       |     1 ||     3
  Eat: Chunk             |     2 |     9 |    11 |    19 |    57 |    37 ||   135
       Royal jelly       |       |       |     2 |     1 |       |       ||     3
       Beef jerky        |       |       |     1 |     2 |     1 |     3 ||     7
       Pizza             |       |       |     1 |       |       |       ||     1
       Bread ration      |       |       |       |     2 |     6 |     6 ||    14
       Fruit             |       |       |       |     1 |     6 |       ||     7
       Meat ration       |       |       |       |       |       |     8 ||     8
Armor: Robe              |     5 |     2 |    19 |       |       |       ||    26
       Skin              |       |     4 |       |       |       |       ||     4
       Animal skin       |       |       |    15 |    30 |       |       ||    45
       Leather armour    |       |       |       |    28 |   103 |    95 ||   226
Dodge: Dodged            |    22 |     8 |    73 |   204 |   286 |   387 ||   980
       Deflected         |       |       |     1 |     3 |    13 |    56 ||    73

Vault maps used:
D:1:      matt_arrival_los_fun
D:2:      kennysheep_slug_shrine
D:3:      first_bread
D:4:      minmay_a_box_with_orc_wizards_in_it
D:6:      grunt_temple_overflow_open, serial_shops, shop, shop, shop,
          corexii_checkpoint_b
D:7:      fedhas_altar_3, lemuel_round_altar, serial_shops, shop, basic_altar,
          the_bakery
D:8:      uniq_grum
D:9:      vehumet_crystals, minitemple, david_orc_2
D:10:     kennysheep_town
D:11:     dpeg_lair_monsters, minmay_hollow_rounded_squares
D:12:     uniq_fannar
D:13:     grunt_vaults_entry_fortified
D:14:     minmay_tri_stars, nrook_mini_vaults
D:15:     grunt_enter_depths_magical_seal, nicolae_trove_entry_crossroad,
          serial_shops, shop, shop, shop, shop, nicolae_shop_behind_doors,
          lemuel_nasty_fountain
Temple:   jpeg_temple_clearing
Lair:1:   grunt_megastairs_1
Lair:2:   infiniplex_staircase_pool_2, grunt_megastairs_2
Lair:3:   elwin_shoals_entry_rocks, dummy_snake_entry, lab_entry_generic,
          beast_lair_carwin_2
Lair:4:   bobbens_ice_dragon_lair, grunt_megastairs_3
Lair:5:   slime_altar_1, cheibrodos_lair_reptile_den, uniq_urug
Lair:6:   evilmike_catoblepas_cave, columned_hall_lemuel, serial_bayou_shore_a
Shoals:1: st_cyclops
Shoals:2: serial_shops, shop_statue, st_shoals_ruin
Shoals:3: serial_shops, nicolae_shop_window_shopping, uniq_nikola, uniq_aizul,
          uniq_jorgrun
Snake:1:  cheibrodos_forgotten_conduit, minmay_shop_grove
Snake:2:  serial_shops, shop
Snake:3:  serial_bayou_pond_d, uniq_agnes, uniq_vashnia
Snake:4:  grunt_snake_rune_pools, minmay_shop_star, uniq_roxanne, uniq_mara
Orc:2:    st_orc_congregation, serial_shops, nicolae_shop_window_shopping,
          mines_bat_river, uniq_azrael, uniq_snorg
Lab:      labyrinth_hidden_loot, nicolae_lab_statue, nicolae_lab_x,
          nicolae_lab_arrow, nicolae_lab_blocks, nicolae_lab_plus,
          labyrinth_skeletal_remains, nicolae_lab_stuck, nicolae_lab_lava,
          nicolae_lab_big_swirl, nicolae_lab_starburst

Table legend:
 A = Turns spent in this place as a percentage of turns spent in the entire game.
 B = Non-inter-level travel turns spent in this place as a percentage of non-inter-level travel turns spent in the entire game.
 C = Inter-level travel turns spent in this place as a percentage of turns spent in this place.
 D = Turns resting spent in this place as a percentage of non-inter-level travel turns spent in this place.
 E = Turns spent auto-exploring this place as a percentage of non-inter-level travel turns spent in this place.
 F = Non-inter-level travel turns spent in this place divided by the number of levels of this place that you've seen.
                   A       B       C       D       E      F
               +-------+-------+-------+-------+-------+----------------------
         Total | 100.0 | 100.0 |   0.7 |   7.1 |   7.6 | 368.7
       Dungeon |  46.1 |  46.1 |   0.7 |   5.6 |   8.7 | 362.5
        Temple |   0.3 |   0.3 |   0.0 |   0.0 |  34.3 |  35.0
          Lair |  16.9 |  17.0 |   0.5 |   5.5 |   6.1 | 333.7
        Shoals |   6.4 |   6.3 |   1.4 |   8.9 |   7.5 | 249.7
     Snake Pit |  15.7 |  15.7 |   0.5 |  13.0 |   8.3 | 462.8
  Orcish Mines |  12.7 |  12.6 |   0.8 |   7.2 |   5.4 | 745.5
     Labyrinth |   2.0 |   2.0 |   0.0 |   3.4 |   0.0 | 233.0
               +-------+-------+-------+-------+-------+----------------------

Table legend:
 A = Kills in this place as a percentage of kills in entire the game.
 B = Kills by you in this place as a percentage of kills by you in the entire game.
 C = Kills by friends in this place as a percentage of kills by friends in the entire game.
 D = Other kills in this place as a percentage of other kills in the entire game.
 E = Experience gained in this place as a percentage of experience gained in the entire game.
 F = Experience gained in this place divided by the number of levels of this place that you have seen.
                   A       B       C       D       E      F
               +-------+-------+-------+-------+-------+----------------------
         Total | 100.0 | 100.0 | 100.0 | 100.0 | 100.0 | 10610.9
       Dungeon |  43.5 |  43.3 |  50.0 |  66.7 |  25.4 | 5745.1
          Lair |  15.8 |  15.7 |  50.0 |  22.2 |  16.5 | 9320.2
        Shoals |   7.1 |   7.1 |   0.0 |   0.0 |  12.7 | 14399.3
     Snake Pit |  17.4 |  17.5 |   0.0 |  11.1 |  36.4 | 30913.2
  Orcish Mines |  15.7 |  15.9 |   0.0 |   0.0 |   8.4 | 14288.5
     Labyrinth |   0.4 |   0.4 |   0.0 |   0.0 |   0.6 | 2025.0
               +-------+-------+-------+-------+-------+----------------------
